 Dungeon Crawl Stone Soup version 0.31-a0-859-g9dce7d3444 (webtiles) character file.

Game seed: 773173249615229298

907 Shayle the Conjurer (level 7, -2/52 HPs)
             Began as a Demonspawn Enchanter on Oct 9, 2023.
             Killed by divine providence
             ... invoked by an orc priest
              (13 damage)
             ... on level 4 of the Dungeon.
             The game lasted 00:15:16 (4120 turns).

Shayle the Conjurer (Demonspawn Enchanter)          Turns: 4120, Time: 00:15:17

Health: -2/52      AC:  9    Str:  9    XL:     7   Next: 81%
Magic:  12/12      EV: 11    Int: 18    God:
Gold:   136        SH:  0    Dex: 13    Spells: 13/13 levels left

rFire   . . .        h - +1 short sword (venom)
rCold   . . .        (no shield)
rNeg    . . .        g - +0 ring mail
rPois   .            (helmet restricted)
rElec   .            (no cloak)
rCorr   .            l - +0 pair of gloves
SInv    .            (no boots)
Will    .....        (no amulet)
Stlth   +            (no ring)
HPRegen 0.28/turn    (no ring)
MPRegen 0.13/turn

%: no passive effects
@: no status effects
A: antennae 2, molten scales 1
a: no special abilities


You were on level 4 of the Dungeon.
You visited 1 branch of the dungeon, and saw 4 of its levels.
You also visited: Sewer and Ossuary.

You collected 136 gold pieces.

Inventory:

Hand Weapons
 a - a +1 dagger
 h - a +1 short sword of venom (weapon)
Armour
 b - a +0 robe
 g - a +0 ring mail (worn)
 l - a +0 pair of gloves (worn)
Jewellery
 d - a ring of see invisible
 p - a ring of willpower
Scrolls
 i - a scroll of noise {unknown}
 j - 2 scrolls of teleportation {unknown}
 k - 2 scrolls of vulnerability {unknown}
 m - 2 scrolls of poison
 r - 2 scrolls of blinking {unknown}
 s - 2 scrolls of revelation
 t - a scroll of butterflies {unknown}
 v - 2 scrolls of identify {unknown}
 w - a scroll of enchant weapon
 y - a scroll of fog {unknown}
Potions
 c - 2 potions of invisibility
 e - a potion of brilliance
 f - a potion of resistance
 n - 3 potions of curing
 o - 3 potions of degeneration {unknown}
 q - 3 potions of might
 u - a potion of attraction {unknown}
 x - a potion of heal wounds
 z - a potion of mutation {unknown}


   Skills:
 + Level 3.1 Fighting
 - Level 0.8 Short Blades
 - Level 4.6 Armour
 + Level 3.4 Dodging
 - Level 2.6 Stealth
 + Level 3.6 Spellcasting
 - Level 6.9 Conjurations
 - Level 3.0 Hexes
 - Level 6.3 Translocations
 - Level 6.3 Fire Magic
 - Level 3.9 Air Magic
 - Level 5.1 Poison Magic


You had 13 spell levels left.
You didn't know any spells.
Your spell library contained the following spells:

 Spells                   Type           Power      Damage    Failure   Level
 Kiss of Death            Conj/Necr      60%        2d10      10%         1
 Dazzling Flash           Conj/Hex       42%        N/A       16%         3
 Ensorcelled Hibernation  Hex/Ice        16%        N/A       32%         2
 Confusing Touch          Hex            14%        N/A       34%         3
 Tukima's Dance           Hex            14%        N/A       34%         3
 Summon Small Mammal      Summ           12%        N/A       36%         1
 Summon Guardian Golem    Hex/Summ       8%         N/A       54%         3
 Call Canine Familiar     Summ           3%         N/A       75%         3
 Dispel Undead            Necr           3%         3d7       98%         4


Dungeon Overview and Level Annotations

Branches:
Dungeon (4/15)              Sewer (visited)         Ossuary (visited)
 Temple: D:4-7

Altars:
Cheibriados
Makhleb
Sif Muna
Trog
Wu Jian


Innate Abilities, Weirdness & Mutations

You have a pair of antennae on your head.
You are partially covered in molten scales. (AC +2)


Message History

The orc priest is severely wounded.
The orc priest hits you with a +0 trident.
You closely miss the orc priest.
The orc priest is severely wounded.
The orc priest invokes the aid of Beogh against you.
You struggle to resist.
You hit the orc priest.
You kill the orc priest!
Your life force feels restored.
Things that are here:
a +0 trident; a +0 scale mail HP restored.
You now have 136 gold pieces (gained 12).
You see here a +2 long sword of protection.
You see here 10 gold pieces.
An orc priest is nearby!
Found a scroll labelled UDATTI ICRO.
The orc priest shouts!
The orc priest mumbles some strange prayers to Beogh against you.
Pain shoots through your body!
A sleepcap comes into view.
The orc priest mumbles some strange prayers to Beogh against you.
Beogh smites you!
You hit the orc priest.
The orc priest is poisoned.
The orc priest is moderately wounded.
The orc priest hits you with a +0 hand axe!
You hit the orc priest but do no damage.
The orc priest looks as sick as possible!
The orc priest is moderately wounded.
You hit the orc priest but do no damage.
The orc priest looks as sick as possible!
The orc priest is moderately wounded.
The orc priest calls down the wrath of Beogh upon you.
Beogh smites you!
* * * LOW HITPOINT WARNING * * *
You closely miss the orc priest.
The orc priest is heavily wounded.
The orc priest invokes the aid of Beogh against you.
Beogh smites you!
You die...

............#
............#.......#
............#....... #
............##.....#.##
.............#..?..#..
.....[..............#
...........#........##..
..........##............
.....#.....###..@o...#
............#....f...#
..............##...#.#
..............####...#
..........$..## #..#
.............# ..#
####.........# ..# .#
#.........# ..#
.###.........#


You could see a sleepcap and an orc priest (extremely poisoned).

Vanquished Creatures
  An orc priest (D:4)
  Natasha (thrice) (D:3)
  A mummy (Ossuary)
  6 adders
  2 river rats (Sewer)
  An ufetubus (D:4)
  3 worms
  4 dart slugs
  3 orcs
  5 spectral bats (Ossuary)
  12 ball pythons
  4 bats
  3 bat simulacra (Ossuary)
  9 endoplasms
  7 giant cockroaches
  12 gnoll zombies (Ossuary)
  5 goblins
  8 hobgoblins
  2 jackals
  12 kobolds
  4 quokkas
  5 frilled lizards
  6 goblin simulacra (Ossuary)
  2 goblin zombies (Ossuary)
  8 hobgoblin zombies (Ossuary)
  A kobold simulacrum (Ossuary)
  5 kobold zombies (Ossuary)
  3 orc zombies (Ossuary)
  9 rats
  3 rat simulacra (Ossuary)
  4 spectral goblins (Ossuary)
  2 spectral kobolds (Ossuary)
  4 spectral rats (Ossuary)
159 creatures vanquished.

Notes
Turn   | Place    | Note
-------+----------+-------------------------------------------
     0 | D:1      | Shayle the Demonspawn Enchanter began the quest for the
                  | Orb.
     0 | D:1      | Reached XP level 1. HP: 13/13 MP: 3/3
   193 | D:1      | Gained mutation: You have a pair of small antennae on your
                  | head. [demonic ancestry]
   193 | D:1      | Reached XP level 2. HP: 20/20 MP: 5/5
   230 | D:1      | Reached skill level 1 in Fighting
   337 | D:1      | Found a faded altar of an unknown god.
   699 | D:1      | Reached XP level 3. HP: 26/26 MP: 6/6
  1308 | D:2      | Gained mutation: You have a pair of antennae on your head.
                  | [demonic ancestry]
  1308 | D:2      | Reached XP level 4. HP: 22/33 MP: 8/8
  1518 | D:3      | Noticed Natasha
  1522 | D:3      | Killed Natasha
  1849 | D:3      | Noticed Natasha
  1861 | D:3      | Killed Natasha
  1862 | D:3      | Gained mutation: You are partially covered in molten
                  | scales. (AC +2) [demonic ancestry]
  1862 | D:3      | Reached XP level 5. HP: 28/39 MP: 9/9
  1919 | D:3      | Found a glowing drain.
  1931 | Sewer    | Entered a sewer
  2374 | Sewer    | Reached skill level 5 in Conjurations
  2374 | Sewer    | Reached skill level 5 in Poison Magic
  2374 | Sewer    | Reached XP level 6. HP: 47/47 MP: 11/11
  2375 | Sewer    | Reached XP level 7. HP: 52/52 MP: 12/12
  2598 | D:3      | Found a burning altar of Makhleb.
  2603 | D:3      | Found an ornate altar of the Wu Jian Council.
  2625 | D:3      | Found a snail-covered altar of Cheibriados.
  2661 | D:3      | Found a bloodstained altar of Trog.
  2736 | D:3      | Noticed Natasha
  2746 | D:3      | Killed Natasha
  2780 | D:3      | Found a shimmering blue altar of Sif Muna.
  2858 | D:4      | Found a sand-covered staircase.
  2867 | Ossuary  | Entered an ossuary
  4120 | D:4      | Killed from afar by an orc priest

Illustrated notes

Levels and vault maps discovered:
D:1:      psy_arrival_heroes, layout_basic, shapermc_ecumenical_altar_hornbeckon
D:2:      layout_basic, serial_bayou, serial_bayou_pond_a, serial_bayou_pond_a,
          serial_bayou_shore_b, serial_bayou_pond_a
D:3:      layout_basic, chequers_temple_overflow_statue_of_worship,
          mainiacjoe_overflow_tiny_flanked, nicolae_sif_muna_little_library,
          gup_sewer_entry_bubbles, uniq_natasha
D:4:      layout_rooms, enter_ossuary_1

Skill      XL: |  1  2  3  4  5  6 |
---------------+-------------------+-----
Dodging        | 2 3 |  3.4
Fighting       | 1 2 3 |  3.1
Spellcasting   | 3 |  3.6
Armour         | 4 |  4.6
Conjurations   | 5 6 |  6.9
Translocations | 4 6 |  6.3
Fire Magic     | 4 6 |  6.3
Poison Magic   | 5 |  5.1
Air Magic      | 3 |  3.9
Short Blades   | |  0.8
Stealth        | |  2.6
Hexes          | |  3.0

Action                     |  1- 3 |  4- 6 |  7- 9 || total
---------------------------+-------+-------+-------++-------
  Melee: Short sword       |   130 |   157 |   357 ||   644
         Dagger            |     4 |       |       ||     4
         Punch             |     1 |     3 |     6 ||    10
    Use: Scroll            |       |     5 |       ||     5
         Potion            |       |     5 |     4 ||     9
   Stab: Sleeping          |       |     2 |     4 ||     6
 Armour: Ring mail         |    83 |    87 |   194 ||   364
  Dodge: Dodged            |    70 |    70 |   197 ||   337

Table legend: (Time is in decaauts)
 A = Elapsed time spent in this place.
 B = Non-inter-level travel time spent in this place.
 C = Inter-level travel time spent in this place.
 D = Time resting spent in this place.
 E = Time spent auto-exploring this place.
 F = Levels seen in this place.
 G = Mean time per level.
                   A        B        C        D        E       F      G
               +--------+--------+--------+--------+--------+-----+--------+
         Total |   4239 |   3976 |    263 |    487 |   1432 |   6 |  706.5 |
       Dungeon |   2902 |   2639 |    263 |    239 |   1351 |   4 |  725.5 |
         Sewer |    650 |    650 |      0 |    174 |     80 |   1 |  650.0 |
       Ossuary |    686 |    686 |      0 |     74 |      0 |   1 |  686.0 |
               +--------+--------+--------+--------+--------+-----+--------+

Top non-repeatable levels by time:
     D:3: 1084 daAuts
     D:2: 765 daAuts
     D:1: 758 daAuts
 Ossuary: 686 daAuts
   Sewer: 650 daAuts
     D:4: 294 daAuts
